 Dungeon Crawl Stone Soup version 0.16.2-12-gd0ad4c3 (webtiles) character file.

3652 magipi the Cleaver (level 10, -6/88 HPs)
             Began as a Ghoul Gladiator on Mar 19, 2016.
             Mangled by an orc warrior
             ... wielding a +0 scimitar
              (17 damage)
             ... on level 8 of the Dungeon.
             The game lasted 00:44:48 (5478 turns).

magipi the Cleaver (Ghoul Gladiator)                Turns: 5478, Time: 00:44:48

Health: -6/88      AC: 14    Str: 25    XL:     10   Next: 12%
Magic:  27/27      EV:  8    Int:  5    God:
Gold:   406        SH:  0    Dex: 10    Spells: 0 memorised, 9 levels left

rFire  . . .     SeeInvis .     a - +1 war axe
rCold  + . .     Clarity  .     u - +0 plate armour
rNeg   + + +     SustAb   .     (no shield)
rPois  ∞         Gourm    .     c - +0 helmet
rElec  .         Spirit   .     (no cloak)
rCorr  .         Warding  .     (no gloves)
rMut   .         Stasis   .     (no boots)
MR     .....                    (no amulet)
Stlth  ..........               s - ring of flight
                                g - ring of magical power

@: mighty, rotting, not resistant to hostile enchantments, extremely unstealthy
A: rotting body, claws 1, carnivore 3, cold resistance 1, negative energy
resistance 3, poison resistance, slow healing 1, torment resistance, unbreathing
a: Evoke Flight


You were on level 8 of the Dungeon.
You were not hungry.

You visited 2 branches of the dungeon, and saw 10 of its levels.

You collected 406 gold pieces.

Inventory:

Hand weapons
 a - a +1 war axe (weapon)
 b - a +0 blowgun
Missiles
 d - 2 throwing nets (quivered)
Armour
 c - a +0 helmet (worn)
 o - a +2 leather armour of cold resistance
 u - a +0 plate armour (worn)
Jewellery
 g - a ring of magical power (left claw)
 s - a ring of flight (right claw)
Magical devices
 j - a wand of paralysis (8)
 x - a wand of flame (9)
Scrolls
 e - 3 scrolls of fog
 p - 4 scrolls of remove curse
 v - 2 scrolls of enchant weapon
 A - 2 scrolls of teleportation
Potions
 h - a potion of restore abilities
 l - a potion of magic
 n - 2 potions of poison {unknown}
 t - a potion of berserk rage
Comestibles
 f - 2 meat rations
 k - a beef jerky
 q - a royal jelly


   Skills:
 - Level 8.0 Fighting
 - Level 10.0 Axes
 - Level 1.7 Throwing
 - Level 6.1 Armour
 - Level 2.6 Dodging
 + Level 7.2 Evocations


You had 9 spell levels left.
You didn't know any spells.

Dungeon Overview and Level Annotations

Branches:
Dungeon (9/15)             Temple (1/1) D:5
   Lair: D:8-11         Orc: D:9-12

Altars:
Ashenzari
Cheibriados
Dithmenos
Elyvilon
Fedhas
Gozag
Kikubaaqudgha
Nemelex Xobeh
Okawaru
Qazlal
Ru
Trog
Xom
Yredelemnul
Zin
The Shining One

Annotations:
D:7 Pikel, Prince Ribbit


Innate Abilities, Weirdness & Mutations

Your body is rotting away.
You thrive on raw meat.
You have sharp fingernails.
You are carnivorous and can eat meat at any time.
Your flesh is cold resistant.
You are immune to negative energy.
Your system is resistant to poisons.
You heal slowly when monsters are visible.
You are immune to unholy pain and torment.
You can survive without breathing.

Vault maps used:
D:1:      elethiomel_arrival_shortcut, minmay_shallow_snake_nest
D:2:      first_bread, grunt_ministairs_10, minmay_parallelograms
D:3:      old_standard_altar, grunt_temple_overflow_diamond,
          hangedman_abyss_or_decor_lesser_grid, uniq_grinder
D:4:      nicolae_qazlal_style_of_elements, hangedman_decor_points
D:5:      minmay_temple_entry_junction2, uniq_iyjb
D:6:      grunt_temple_overflow_holy_war
D:7:      uniq_prince_ribbit1, uniq_pikel
D:8:      david_nohive_1, st_stairs_9, minivault_22
D:9:      grunt_temple_overflow_lords_of_destruction, tgw_sif, uniq_maurice,
          uniq_duvessa
Temple:   jpeg_temple_clearing_9


Message History

The orc warrior shoots an arrow of flame.
The arrow of flame hits you. The arrow of flame burns you.
You see here an arrow of flame.
Unknown command.
Drink which item? (? for menu, Esc to quit)
You feel better. The two-headed ogre closely misses you.
The two-headed ogre hits you with a giant club.
Evoke which item? (* to show all) (? for menu, Esc to quit)
Okay, then.
Unknown command.
Press: ? - help, v - describe, . - travel
Here: a two-headed ogre, wielding two giant clubs The floor.
You completely miss the two-headed ogre.
You closely miss the orc wizard.
The orc wizard points at you and mumbles some strange words.
The puff of flame hits you!
Unknown command.
You hit the two-headed ogre.
The two-headed ogre is lightly wounded.
You hit the orc wizard.
The orc wizard is lightly wounded.
The two-headed ogre hits you with a giant club!
The two-headed ogre hits you with a giant club!!
* * * LOW HITPOINT WARNING * * *
You hit the two-headed ogre.
The two-headed ogre is lightly wounded.
You closely miss the orc warrior.
The two-headed ogre hits you with a giant club!
* * * LOW HITPOINT WARNING * * *
The two-headed ogre hits you with a giant club.
* * * LOW HITPOINT WARNING * * *
Drink which item? (? for menu, Esc to quit)
You feel much better.
The orc warrior unwields an uncursed shortbow of flaming.
It stops flaming.
The orc warrior wields an uncursed scimitar.
The orc warrior closely misses you. The two-headed ogre barely misses you.
The two-headed ogre hits you but does no damage.
Drink which item? (? for menu, Esc to quit)
You feel very mighty all of a sudden.
The orc wizard points at you and mumbles some strange words.
The puff of flame hits you!
* * * LOW HITPOINT WARNING * * *
Unknown command.
Your plate armour prevents you from hitting the orc warrior.
You hit the two-headed ogre.
The two-headed ogre is moderately wounded.
You miss the orc wizard.
The orc wizard is lightly wounded.
The orc warrior hits you with an uncursed scimitar.
* * * LOW HITPOINT WARNING * * *
The two-headed ogre hits you with a giant club!
* * * LOW HITPOINT WARNING * * *
The two-headed ogre hits you with a giant club.
* * * LOW HITPOINT WARNING * * *
The orc wizard gestures at you while chanting.
The magic dart hits you!
* * * LOW HITPOINT WARNING * * *
Drink which item? (? for menu, Esc to quit)
You feel much better.
The orc warrior hits you with an uncursed scimitar!
* * * LOW HITPOINT WARNING * * *
The two-headed ogre barely misses you.
The two-headed ogre hits you but does no damage.
The orc wizard hits you but does no damage.
Unknown command.
You slice the orc wizard!!
You kill the orc wizard!
You slash the two-headed ogre!
The two-headed ogre is heavily wounded.
Your plate armour prevents you from hitting the orc warrior.
The orc warrior hits you but does no damage.
The two-headed ogre hits you but does no damage.
The two-headed ogre hits you with a giant club!
* * * LOW HITPOINT WARNING * * *
You slash the two-headed ogre!
The two-headed ogre is almost dead.
You hit the orc warrior but do no damage.
The orc warrior barely misses you.
Unknown command.
You slice the two-headed ogre!!
You kill the two-headed ogre!
Your Evocations skill increases to level 7!
You closely miss the orc warrior.
The orc warrior hits you with an uncursed scimitar.
* * * LOW HITPOINT WARNING * * *
You slash the orc warrior!
The orc warrior is heavily wounded.
Unknown command.
You closely miss the orc warrior.
The orc warrior is heavily wounded.
The orc warrior hits you but does no damage.
You closely miss the orc warrior.
The orc warrior is moderately wounded.
The orc warrior hits you but does no damage.
You slash the orc warrior!
The orc warrior is almost dead.
The orc warrior hits you with an uncursed scimitar!
You die...

#...# #........##...z.
##..# #..............
#..## #............. #...#
#............ ##..##
##...........#
#...###............##
#....#.....#.......<# #
##......)..####......##.
##..)...@)..# #.........
##.#####..o..#####........
##.## ###...)...o........
#.## ##........##..... ###
##............##
#......###...#. ##....###
##z... ### #......##
#..#.. #.## #.......###..#
.


You could see an orc warrior.

Table legend:
 A = Kills in this place as a percentage of kills in entire the game.
 B = Kills by you in this place as a percentage of kills by you in the entire game.
 C = Kills by friends in this place as a percentage of kills by friends in the entire game.
 D = Other kills in this place as a percentage of other kills in the entire game.
 E = Experience gained in this place as a percentage of experience gained in the entire game.
 F = Experience gained in this place divided by the number of levels of this place that you have seen.
                   A       B       C       D       E      F
               +-------+-------+-------+-------+-------+----------------------
         Total | 100.0 | 100.0 |  -nan |  -nan | 100.0 | 501.2
       Dungeon | 100.0 | 100.0 |  -nan |  -nan | 100.0 | 556.9
               +-------+-------+-------+-------+-------+----------------------

Vanquished Creatures
  A two-headed ogre (D:8)
  Grinder (D:3)
  A wyvern (D:8)
  A hippogriff (D:7)
  An orc warrior (D:8)
  3 sky beasts
  A phantom (D:5)
  2 water moccasins (D:6)
  A black bear (D:7)
  3 ogres
  A wasp (D:8)
  3 centaurs
  3 giant frogs
  A scorpion (D:7)
  4 wights (D:8)
  7 killer bees (D:8)
  A crimson imp (D:7)
  5 orc priests
  An iguana (D:4)
  A centaur skeleton (D:6)
  6 orc wizards
  A hound (D:8)
  7 worker ants
  Ijyb (D:5)
  A hound zombie (D:8)
  A hound skeleton (D:7)
  4 adders
  2 shadow imps
  A worm (D:3)
  2 adder skeletons
  An adder zombie (D:8)
  4 giant geckos
  21 orcs
  5 ball pythons
  A giant cockroach (D:3)
  13 goblins
  10 hobgoblins
  7 jackals
  3 kobolds
  8 bats
  A giant gecko skeleton (D:4)
  5 giant newts
  A giant spore (D:6)
  2 quokkas (D:3)
  12 rats
  A ballistomycete (D:6)
163 creatures vanquished.

Notes
Turn   | Place    | Note
--------------------------------------------------------------
     0 | D:1      | magipi, the Ghoul Gladiator, began the quest for the Orb.
     0 | D:1      | Reached XP level 1. HP: 17/17 MP: 1/1
   103 | D:1      | Reached skill level 3 in Axes
   168 | D:1      | Reached XP level 2. HP: 24/24 MP: 2/2
   845 | D:3      | Reached XP level 3. HP: 23/27 MP: 3/3
   918 | D:2      | Reached skill level 4 in Axes
  1278 | D:3      | Reached XP level 4. HP: 21/36 MP: 3/3
  1385 | D:3      | Found a sparkling altar of Nemelex Xobeh.
  1388 | D:3      | Found a shadowy altar of Dithmenos.
  1391 | D:3      | Found a white marble altar of Elyvilon.
  1547 | D:3      | Reached skill level 5 in Axes
  1596 | D:3      | Reached XP level 5. HP: 36/41 MP: 4/4
  1774 | D:3      | Noticed Grinder
  1774 | D:3      | Paralysed by Grinder for 3 turns
  1780 | D:3      | Paralysed by Grinder for 6 turns
  1794 | D:3      | Reached skill level 7 in Fighting
  1794 | D:3      | Reached skill level 8 in Axes
  1794 | D:3      | Reached XP level 6. HP: 13/61 MP: 5/5
  1850 | D:3      | Killed Grinder
  1850 | D:3      | Reached XP level 7. HP: 17/67 MP: 5/5
  2050 | D:3      | Found a sacrificial altar of Ru.
  2281 | D:4      | Reached skill level 9 in Axes
  2470 | D:4      | Noticed an air elemental
  2471 | D:4      | Found a stormy altar of Qazlal.
  2475 | D:4      | Noticed a fire elemental
  2476 | D:4      | Noticed a water elemental
  2668 | D:5      | Entered Level 5 of the Dungeon
  2715 | D:5      | Noticed Ijyb
  2732 | D:5      | Killed Ijyb
  2827 | D:5      | Reached XP level 8. HP: 57/74 MP: 6/6
  2895 | D:5      | Found a staircase to the Ecumenical Temple.
  3038 | Temple   | Entered the Ecumenical Temple
  3448 | D:6      | Found a basalt altar of Yredelemnul.
  3449 | D:6      | Noticed a profane servitor
  3453 | D:6      | Found a glowing golden altar of the Shining One.
  3573 | D:6      | Reached skill level 1 in Evocations
  3641 | D:6      | Reached skill level 10 in Axes
  4038 | D:7      | Noticed Prince Ribbit
  4139 | D:6      | Reached XP level 9. HP: 75/81 MP: 11/11
  4635 | D:7      | Noticed Pikel
  4761 | D:8      | Reached skill level 5 in Evocations
  5311 | D:8      | Reached XP level 10. HP: 84/88 MP: 18/18
  5363 | D:9      | Identified a scroll of acquirement
  5470 | D:8      | HP: 4/88 [two-headed ogre/giant club (6)]
  5478 | D:8      | Mangled by an orc warrior

Action                   |  1- 3 |  4- 6 |  7- 9 | 10-12 || total
-------------------------+-------+-------+-------+-------++-------
Melee: War axe           |   124 |   118 |   503 |    40 ||   785
Throw: Throwing net      |       |    15 |       |       ||    15
Evoke: Wand              |       |       |     6 |     1 ||     7
  Use: Potion            |       |     7 |       |     5 ||    12
       Scroll            |       |       |    12 |     4 ||    16
 Stab: Held in net/web   |       |     2 |       |       ||     2
  Eat: Chunk             |    11 |    12 |    48 |     1 ||    72

Action                   |  1- 3 |  4- 6 |  7- 9 | 10-12 || total
-------------------------+-------+-------+-------+-------++-------
Melee: War axe           |   124 |   118 |   503 |    40 ||   785
Throw: Throwing net      |       |    15 |       |       ||    15
Evoke: Wand              |       |       |     6 |     1 ||     7
  Use: Potion            |       |     7 |       |     5 ||    12
       Scroll            |       |       |    12 |     4 ||    16
 Stab: Held in net/web   |       |     2 |       |       ||     2
  Eat: Chunk             |    11 |    12 |    48 |     1 ||    72

Action                   |  1- 3 |  4- 6 |  7- 9 | 10-12 || total
-------------------------+-------+-------+-------+-------++-------
Melee: War axe           |   124 |   118 |   503 |    40 ||   785
Throw: Throwing net      |       |    15 |       |       ||    15
Evoke: Wand              |       |       |     6 |     1 ||     7
  Use: Potion            |       |     7 |       |     5 ||    12
       Scroll            |       |       |    12 |     4 ||    16
 Stab: Held in net/web   |       |     2 |       |       ||     2
  Eat: Chunk             |    11 |    12 |    48 |     1 ||    72
